 Dungeon Crawl Stone Soup version 0.28.0-53-g5a82cb258f (webtiles) character file.

Game seed: 8946500849744202080

55 Zeld the Shooter (level 3, 0/21 HPs)
             Began as a Deep Elf Hunter on May 24, 2022.
             Succumbed to an adder's poison
             ... on level 2 of the Dungeon.
             The game lasted 00:01:29 (1581 turns).

Zeld the Shooter (Deep Elf Hunter)                  Turns: 1581, Time: 00:01:30

Health: 0/21       AC:  3    Str:  9    XL:     3   Next: 67%
Magic:  7/7        EV: 12    Int: 17    God:
Gold:   98         SH:  0    Dex: 15    Spells: 5/5 levels left

rFire   . . .      SeeInvis .   b - +0 short sword
rCold   . . .      Faith    .   (no shield)
rNeg    . . .      Spirit   .   c - +0 leather armour
rPois   .          Reflect  .   (no helmet)
rElec   .          Harm     .   (no cloak)
rCorr   .          Rampage  .   (no gloves)
Will    .....                   (no boots)
Stlth   ++........              (no amulet)
HPRegen 0.07/turn               (no ring)
MPRegen 0.10/turn               (no ring)

@: lethally poisoned (0 -> -2)
A: no striking features
a: no special abilities


You were on level 2 of the Dungeon.
You visited 1 branch of the dungeon, and saw 2 of its levels.

You collected 98 gold pieces.

Inventory:

Hand Weapons
 a - a +1 shortbow
 b - a +0 short sword (weapon)
Missiles
 d - 5 arrows
Armour
 c - a +0 leather armour (worn)
Scrolls
 e - 2 scrolls of blinking {unknown}
 f - a scroll of magic mapping {unknown}
 g - 2 scrolls of identify {unknown}
 j - a scroll of amnesia {unknown}
Potions
 h - a potion of curing {unknown}
 i - a potion of attraction {unknown}


   Skills:
 + Level 1.8 Fighting
 * Level 1.6 Short Blades
 * Level 5.9 Bows
 + Level 2.8 Dodging
 - Level 1.2 Stealth
 * Level 1.9 Spellcasting


You had 5 spell levels left.
You didn't know any spells.
Your spell library was empty.

Dungeon Overview and Level Annotations

Branches:
Dungeon (2/15)

Altars:
Ru


Message History

The adder is severely wounded.
The adder barely misses you.
You hit the adder.
You kill the adder!
Things that are here:
16 stones; an adder corpse
a - a +1 shortbow (weapon)
You start resting.
An adder comes into view.
An adder is nearby!
An adder is nearby!
An adder is nearby!
An adder is nearby!
The adder hisses angrily.
The adder barely misses you. The adder bites you.
* * * LOW HITPOINT WARNING * * *
You are lethally poisoned!
The adder poisons you!
* * * LOW HITPOINT WARNING * * *
You feel sick.
There is a stone staircase leading up here.
Really attack while wielding your +1 shortbow? [Y]es or [N]o only, please.
Really attack while wielding your +1 shortbow? [Y]es or [N]o only, please.
Really attack while wielding your +1 shortbow? [Y]es or [N]o only, please.
Really attack while wielding your +1 shortbow?
Okay, then.
b - a +0 short sword (weapon)
* * * LOW HITPOINT WARNING * * *
You feel sick.
You hit the adder.
The adder is moderately wounded.
* * * LOW HITPOINT WARNING * * *
You feel sick. The adder bites you but does no damage. The adder misses you.
You hit the adder.
The adder is severely wounded.
You die...

#.##.##.............##..
#.##.##..##.........##..
#.##.#...##.........##.)
#.##.#..###.........###.
#######.#................####.
+...........................##
##.####'#.................####
#........###############.###.
#..........S@# #.#...
#......(##...# #.#...
#.####'###...# #.#... #
#(......# ..####.#...
((........ ............
########.### #######+#### #..
....... #... ....... .......


You could see an adder.

Vanquished Creatures
  2 adders (D:2)
  A worm (D:2)
  A dart slug (D:1)
  2 endoplasms
  2 giant cockroaches (D:1)
  4 goblins
  A hobgoblin (D:2)
  2 quokkas
  5 ball pythons
  2 bats
  A frilled lizard (D:1)
  4 kobolds (D:1)
  7 rats (D:1)
34 creatures vanquished.

Notes
Turn   | Place    | Note
-------+----------+-------------------------------------------
     0 | D:1      | Zeld the Deep Elf Hunter began the quest for the Orb.
     0 | D:1      | Reached XP level 1. HP: 12/12 MP: 3/3
   244 | D:1      | Reached XP level 2. HP: 17/17 MP: 4/4
   374 | D:1      | Reached skill level 1 in Short Blades
   374 | D:1      | Reached skill level 1 in Spellcasting
  1223 | D:2      | Found a sacrificial altar of Ru.
  1255 | D:2      | Reached XP level 3. HP: 14/21 MP: 5/7
  1426 | D:2      | Found a faded altar of an unknown god.
  1580 | D:2      | HP: 1/21 [poisoned by an adder]
  1581 | D:2      | Succumbed to an adder's poison

Illustrated notes

Levels and vault maps discovered:
D:1:      saegor_arrival_miasma, layout_basic, amcnicky_mini_corridor_feature
D:2:      layout_basic, hellmonk_ecumenical_altar_prayer_group, basic_altar,
          minmay_randomly_rotated_circles

Skill      XL: |  1  2 |
---------------+-------+-----
Short Blades   | 1 |  1.6
Spellcasting   | 1 |  1.9
Fighting       | |  1.8
Bows           | |  5.9
Dodging        | |  2.8
Stealth        | |  1.2

Action                   || total
-------------------------++-------
Melee: Short sword       ||    15
 Fire: Shortbow          ||    89
Armor: Leather armour    ||    11
Dodge: Dodged            ||    22
